 Dungeon Crawl Stone Soup version 0.22-a0-322-g60b3cfd (webtiles) character file.

399 Kairos the Shield-Bearer (level 7, 53/53 HPs)
             Began as a Human Fighter on Apr 3, 2018.
             Got out of the dungeon alive.
             The game lasted 00:07:12 (3385 turns).

Kairos the Shield-Bearer (Human Fighter)            Turns: 3385, Time: 00:07:13

Health: 53/53      AC:  8    Str: 14 (16) XL:     7   Next: 10%
Magic:  16/16      EV:  7    Int:  6 (7)  God:
Gold:   176        SH: 10    Dex: 13 (14) Spells: 6/6 levels left

rFire    . . .     SeeInvis .   m - +5 whip
rCold    . . .     Gourm    .   c - +1 shield
rNeg     . . .     Faith    .   b - +0 scale mail
rPois    .         Spirit   .   (helmet restricted)
rElec    .         Reflect  .   (no cloak)
rCorr    .         Harm     .   (no gloves)
MR       .....                  v - +0 pair of boots
Stlth    ..........             u - amulet of regeneration
HPRegen  0.97/turn              p - ring of magical power
MPRegen  0.15/turn              (no ring)

@: no status effects
A: beak, dopey 1, regeneration 1, subdued magic 1
a: no special abilities


You escaped.
You were near starving.

You visited 1 branch of the dungeon, and saw 4 of its levels.
You also visited: Sewer.

You collected 176 gold pieces.

Inventory:

Hand Weapons
 a - a +0 war axe
 m - a +5 whip (weapon)
Armour
 b - a +0 scale mail (worn)
 c - a +1 shield (worn)
 v - a +0 pair of boots (worn)
Jewellery
 p - a ring of magical power (left hand)
 u - an amulet of regeneration (around neck)
 x - an uncursed ring of fire
Wands
 y - a wand of paralysis (11)
Scrolls
 h - 5 scrolls of teleportation
 j - a scroll of remove curse
 n - 3 scrolls of amnesia
Potions
 d - 2 potions of might
 e - 5 potions of flight
 g - a potion of degeneration
 i - a potion of ambrosia
 l - a potion of curing
Comestibles
 f - 11 rations


   Skills:
 + Level 3.8 Fighting
 + Level 2.5(3.5) Axes
 + Level 3.7(4.1) Maces & Flails
 + Level 4.0 Armour
 + Level 1.5 Dodging
 + Level 0.6 Stealth
 + Level 4.2 Shields


You had 6 spell levels left.
You didn't know any spells.

Dungeon Overview and Level Annotations

Branches:
Dungeon (4/15)
 Temple: D:4-7

Altars:
Cheibriados
Makhleb
Ru
Xom


Innate Abilities, Weirdness & Mutations

You have a beak for a mouth.
You are dopey. (Int -2)
Your natural rate of healing is unusually fast.
Your spells are a little easier to cast, but a little less powerful.


Message History

Your +0 pair of boots unmelds from your body.
Your +0 scale mail unmelds from your body.
You start waiting.
You flicker for a moment.
You start waiting.
You flicker back into view.
You start waiting.
You are near starving!
You start waiting.
Your magical contamination has completely faded away.
There is an open door here.
There is a stone staircase leading down here.
You climb downwards.
There is a stone staircase leading up here.
You climb upwards.
There is a stone staircase leading down here.
There is an open door here.
There is a staircase leading out of the dungeon here.
Are you sure you want to leave the Dungeon?
This will make you lose the game!
You have escaped!

#>................
#......#####...###
#......# #########
#......# #.......#
######...#### #.......#
#........######.(.....#
#.####.................
#.# ########.......####
#.###.@.####..........#
#..♣##.##♣.#..........#
#...P#'#♣..#........[.#
#..).......#......[...#
##..♣#'#♣..#.........##
#.♣##.##♣.#.........#
####..[##########...##
##### #...........
#.#.........


There were no monsters in sight!

Vanquished Creatures
  A howler monkey (D:4)
  An orc priest (D:4)
  2 hounds
  2 orc wizards
  A worker ant (D:4)
  4 gnolls (D:3)
  4 adders
  An ooze (D:4)
  An adder skeleton (D:4)
  4 dart slugs
  3 worms
  4 leopard geckos
  4 orcs (D:4)
  10 bats
  6 giant cockroaches
  4 goblins (D:1)
  4 hobgoblins
  11 jackals
  A quokka (D:2)
  7 ball pythons
  4 frilled lizards
  13 kobolds
  3 rats
95 creatures vanquished.

Notes
Turn   | Place    | Note
-------+----------+-------------------------------------------
     0 | D:1      | Kairos the Human Fighter began the quest for the Orb.
     0 | D:1      | Reached XP level 1. HP: 18/18 MP: 1/1
    60 | D:1      | Reached XP level 2. HP: 24/24 MP: 2/2
   242 | D:1      | Reached XP level 3. HP: 28/29 MP: 3/3
  1049 | D:2      | Found a faded altar of an unknown god.
  1049 | D:2      | Found a burning altar of Makhleb.
  1055 | D:2      | Found a faded altar of an unknown god.
  1058 | D:2      | Found a snail-covered altar of Cheibriados.
  1060 | D:2      | Found a shimmering altar of Xom.
  1401 | D:3      | Reached XP level 4. HP: 34/35 MP: 4/4
  1480 | D:3      | Found a glowing drain.
  1511 | D:3      | Reached skill level 1 in Maces & Flails
  1523 | D:3      | Reached XP level 5. HP: 41/41 MP: 5/5
  1614 | Sewer    | Entered a sewer
  2099 | D:3      | Reached skill level 1 in Dodging
  2099 | D:3      | Reached XP level 6. HP: 42/47 MP: 6/6
  2522 | D:4      | Found a sacrificial altar of Ru.
  2986 | D:4      | Reached XP level 7. HP: 32/53 MP: 7/7
  3212 | D:1      | Gained mutation: You have a beak for a mouth. [potion of mutation]
  3212 | D:1      | Gained mutation: Your spells are a little easier to cast, but a little less powerful. [potion of mutation]
  3212 | D:1      | Gained mutation: You are dopey. (Int -2) [potion of mutation]
  3212 | D:1      | Gained mutation: Your natural rate of healing is unusually fast. [potion of mutation]
  3385 | D:$      | Got out of the dungeon alive.

Vault maps used:
D:1:      sevenhm_arrival_forest_fort_small_4
D:2:      chequers_temple_overflow_minitemple
D:3:      gup_sewer_entry_glass, first_ration
D:4:      nicolae_ru_great_annihilating_truth, kennysheep_generic_room_15
Sewer:    sewer_fruit_machine

Skill      XL: |  1  2  3  4  5  6 |
---------------+-------------------+-----
Maces & Flails | 1 2 3 |  3.7
Dodging        | 1 |  1.5
Shields        | 4 |  4.2
Armour         | 4 |  4.0
Fighting       | |  3.8
Axes           | |  2.5
Stealth        | |  0.6

Action                   |  1- 3 |  4- 6 |  7- 9 || total
-------------------------+-------+-------+-------++-------
Melee: War axe           |    61 |       |       ||    61
       Whip              |    52 |   256 |    14 ||   322
  Use: Scroll            |       |     7 |     5 ||    12
       Potion            |       |       |     7 ||     7
 Stab: Invisible         |       |     1 |       ||     1
       Paralysed         |       |     1 |       ||     1
  Eat: Chunk             |     2 |     5 |       ||     7
Armor: Scale mail        |    63 |   114 |     4 ||   181
Dodge: Dodged            |    30 |    82 |     5 ||   117
Block: Shield            |    61 |   140 |     6 ||   207

Table legend:
 A = Spawn XP
 B = Non-spawn XP
 C = Spawn XP percentage of total XP
 D = Spawn monster count
 E = Non-spawn monster count
 F = Spawn count percentage of total count
 G = Total turns spent on level
                    A         B        C        D         E        F      G
               +---------+---------+-------+---------+---------+-------+---------
         Total |       0 |     570 |   0.0 |       0 |      95 |   0.0 |  3385
               +---------+---------+-------+---------+---------+-------+---------
           D:1 |       0 |      51 |   0.0 |       0 |      28 |   0.0 |  1021
           D:2 |       0 |      17 |   0.0 |       0 |      10 |   0.0 |   597
           D:3 |       0 |     203 |   0.0 |       0 |      19 |   0.0 |   729
           D:4 |       0 |     255 |   0.0 |       0 |      20 |   0.0 |   690
         Sewer |       0 |      44 |   0.0 |       0 |      18 |   0.0 |   348
               +---------+---------+-------+---------+---------+-------+---------
